Map: Blackpink LE

Players

Bly - Winner!

  • Race: Zerg Zerg
  • Spawn Location: 7:00

Probe

  • Race: Protoss Protoss
  • Spawn Location: 1:00

Event: WCS Leipzig 2018

VOD

Have the link to the VOD?

Description

Time

  • Played on: Jan. 26, 2018, 12:16 p.m.
  • Length: 10:18

All games in this series

Show
View Real Time Build Order
Export as new Build Order

Bly Zerg - Winner!

Build Orders: Hatch First, Lurkers 

Get SALT Encoding   

  12  0:01  Drone  
  13  0:13  Overlord  
  13  0:17  Drone  
  14  0:32  Drone x2  
  16  0:48  Hatchery  
  15  0:51  Drone  
  15  0:55  Drone  
  17  0:58  Drone  
  18  1:05  Extractor  
  17  1:13  Spawning Pool  
  17  1:17  Drone  
  17  1:19  Drone  
  18  1:30  Drone  
  19  1:40  Overlord  
  19  1:50  Drone  
  20  1:59  Queen  
  20  2:00  Queen  
  24  2:01  Zergling x4  
  24  2:07  Metabolic Boost  
  26  2:11  Drone  
  27  2:20  Drone  
  28  2:31  Hatchery  
  28  2:33  Drone  
  28  2:36  Drone  
  29  2:46  Drone x2  
  29  2:47  Overlord  
  31  2:55  Evolution Chamber  
  31  2:58  Zergling x6  
  32  3:12  Zergling x2  
  33  3:17  Drone x5, Overlord  
  38  3:21  Drone  
  38  3:22  Drone x2  
  38  3:26  Drone  
  41  3:29  Queen  
  43  3:36  Overlord  
  43  3:42  Overlord  
  43  3:44  Queen  
  43  3:45  Drone  
  46  3:53  Overlord x2  
  46  3:56  Overlord  
  46  4:00  Zerg Melee Weapons Level 1  
  46  4:06  Queen  
  48  4:10  Overlord  
  48  4:15  Drone  
  48  4:16  Drone x4  
  53  4:26  Overlord  
  53  4:38  Zergling x24  
  64  4:52  Overlord  
  64  4:53  Lair  
  64  4:56  Spore Crawler  
  64  4:57  Spore Crawler  
  62  5:01  Overlord  
  62  5:05  Drone x3  
  62  5:06  Drone x5  
  66  5:21  Drone x5  
  66  5:27  Drone x2  
  67  5:31  Drone x2  
  67  5:32  Drone  
  70  5:36  Extractor  
  70  5:37  Overlord  
  70  5:42  Drone x3  
  69  5:51  Zergling x8  
  71  5:58  Hydralisk Den  
  71  6:01  Drone x5  
  75  6:06  Spore Crawler  
  75  6:08  Drone  
  75  6:09  Drone x3  
  78  6:11  Drone  
  78  6:12  Extractor  
  78  6:13  Extractor  
  78  6:14  Drone  
  78  6:17  Extractor  
  76  6:19  Extractor  
  76  6:23  Drone x3  
  78  6:26  Drone x3  
  78  6:29  Muscular Augments  
  81  6:35  Lurker Den  
  80  6:50  Drone x2  
  80  6:51  Drone  
  80  6:52  Drone x2  
  85  6:57  Hatchery  
  85  6:59  Overlord x2  
  75  7:14  Drone x4  
  75  7:15  Drone  
  75  7:16  Zerg Missile Weapons Level 1  
  75  7:19  Drone x2  
  77  7:33  Hydralisk x10  
  77  7:34  Zergling x2  
  77  7:35  Zergling x6  
  101  7:43  Hydralisk x3  
  107  7:45  Zergling x2  
  108  8:03  Zergling x24  
  120  8:07  Overlord  
  120  8:10  Drone  
  120  8:11  Drone  
  121  8:18  Overseer  
  121  8:22  Drone x2  
  121  8:23  Drone x5  
  128  8:27  Extractor  
  128  8:30  Lurker x3  
  128  8:31  Lurker x4  
  128  8:33  Zergling x2  
  128  8:34  Zergling x18  
  142  8:46  Hatchery  
  142  8:47  Spine Crawler  
  138  8:54  Extractor  
  137  9:02  Hydralisk  
  137  9:03  Hydralisk x2  
  137  9:04  Overlord x3  
  137  9:05  Overlord  
  139  9:16  Hydralisk x8  
  136  9:24  Hydralisk  
  136  9:25  Hydralisk x5  
  136  9:28  Zergling x10  
  146  9:37  Hydralisk x6  
  146  9:38  Zergling x4  
  160  9:47  Hydralisk  
  160  9:48  Zergling x6  
Show
View Real Time Build Order
Export as new Build Order

Probe Protoss 

Build Orders: 1 Gate Expand, Oracle Opening, Phoenix Opening 

Get SALT Encoding   

  12  0:00  Probe  
  13  0:12  Probe  
  14  0:18  Pylon  
  14  0:24  Probe  
  15  0:37  Probe (Chrono Boost)  
  15  0:39  Gateway  
  16  0:48  Probe (Chrono Boost), Assimilator  
  17  0:53  Probe (Chrono Boost)  
  18  1:03  Probe  
  19  1:15  Probe  
  20  1:24  Nexus  
  20  1:35  Cybernetics Core  
  20  1:36  Probe  
  21  1:42  Assimilator  
  21  1:48  Probe  
  21  1:52  Pylon  
  22  2:00  Probe  
  23  2:08  Probe  
  23  2:09  Adept (Chrono Boost)  
  26  2:16  Probe  
  26  2:21  Stargate  
  27  2:27  Probe (Chrono Boost)  
  27  2:28  Adept  
  30  2:36  Probe (Chrono Boost)  
  31  2:40  Warp Gate (Chrono Boost)  
  32  2:45  Probe (Chrono Boost)  
  32  2:47  Probe (Chrono Boost)  
  34  2:51  Probe (Chrono Boost)  
  34  2:52  Probe (Chrono Boost)  
  34  2:55  Adept  
  37  3:03  Probe  
  37  3:04  Probe  
  39  3:05  Phoenix (Chrono Boost)  
  41  3:15  Probe  
  41  3:16  Probe  
  43  3:20  Pylon  
  43  3:24  Oracle (Chrono Boost)  
  45  3:27  Probe  
  46  3:34  Gateway  
  46  3:36  Gateway  
  46  3:38  Probe  
  47  3:42  Probe, Assimilator  
  48  3:50  Probe, Assimilator  
  48  3:52  Oracle (Chrono Boost)  
  48  3:54  Probe  
  53  3:58  Pylon  
  53  4:02  Pylon  
  53  4:06  Probe  
  54  4:16  Probe  
  55  4:18  Probe, Robotics Facility  
  56  4:26  Pylon  
  56  4:29  Probe  
  56  4:30  Probe  
  58  4:41  Probe  
  58  4:42  Adept, Probe  
  58  4:43  Nexus  
  62  4:46  Pylon  
  62  4:53  Probe  
  63  5:02  Sentry  
  63  5:03  Probe  
  63  5:06  Probe  
  66  5:16  Probe, Adept  
  66  5:18  Adept  
  66  5:19  Probe  
  70  5:21  Immortal, Pylon  
  70  5:22  Pylon  
  70  5:28  Probe, Adept  
  67  5:32  Twilight Council  
  67  5:33  Forge  
  69  5:41  Adept x2  
  73  5:46  Probe  
  73  5:48  Protoss Ground Weapons Level 1 (Chrono Boost)  
  74  5:59  Adept, Nexus  
  74  6:00  Pylon  
  74  6:02  Immortal  
  80  6:06  Blink (Chrono Boost)  
  80  6:12  Probe x2  
  80  6:18  Sentry  
  84  6:20  Robotics Bay  
  84  6:24  Probe x2  
  86  6:35  Pylon  
  86  6:36  Probe x2  
  88  6:41  Warp Prism (Chrono Boost)  
  90  6:50  Gateway  
  90  6:51  Gateway  
  90  6:52  Gateway  
  90  6:54  Sentry  
  90  6:57  Pylon  
  90  7:00  Pylon  
  92  7:01  Pylon  
  88  7:13  Probe x2, Colossus (Chrono Boost)  
  88  7:14  Probe  
  87  7:18  Adept  
  87  7:19  Sentry x2  
  99  7:25  Probe  
  99  7:28  Assimilator  
  100  7:30  Probe, Assimilator  
  100  7:31  Probe  
  100  7:32  Pylon  
  100  7:35  Extended Thermal Lance  
  102  7:37  Probe  
  102  7:38  Gateway  
  102  7:39  Adept  
  102  7:41  Gateway  
  102  7:44  Sentry x2  
  109  7:46  Zealot x2  
  110  8:05  Protoss Ground Weapons Level 2 (Chrono Boost)  
  110  8:08  Charge  
  110  8:09  Zealot  
  110  8:10  Zealot x5  
  122  8:21  Pylon x2, Photon Cannon  
  122  8:24  Photon Cannon  
  122  8:26  Colossus (Chrono Boost)  
  126  8:36  Stalker x4  
  126  8:37  Zealot  
  134  8:44  Photon Cannon  
  134  8:49  Stalker x2, Pylon  
  134  8:53  Zealot  
  140  9:04  Zealot x4  
  140  9:05  Zealot  
  146  9:13  Stalker  
  146  9:14  Zealot  
  146  9:16  Observer  
  127  9:18  Zealot  
  125  9:24  Zealot x2  
  125  9:25  Zealot  
  125  9:30  Zealot  
  121  9:38  Observer, Sentry x2  
  118  9:40  Zealot  
  118  9:44  Stalker  
  121  9:48  Stalker  
  117  9:54  Cybernetics Core  
  117  9:59  Zealot  
  116  10:03  Zealot x2  
  116  10:07  Nexus  
  112  10:08  Zealot x2  
  112  10:12  Zealot  
Tags
 
Add a new tag
Caveats
  • Supply blocks, unpowered buildings, or Contaminate may cause inaccurate times.
  • Supply counts are checked every 10 seconds.